 Dungeon Crawl Stone Soup version 0.22.0-49-gab54619 (webtiles) character file.

71117 inc the Thaumaturge (level 14, 0/111 HPs)
             Began as a Mummy Fire Elementalist on Sept 1, 2018.
             Was an Initiate of Gozag.
             Slain by an entropy weaver
             ... wielding the +8 demon blade "Leech" {vamp, rN+ AC-3 EV-3}
              (3 damage)
             ... on level 1 of the Spider Nest on Sept 4, 2018.
             The game lasted 01:32:09 (36586 turns).

inc the Thaumaturge (Mummy Fire Elementalist)      Turns: 36586, Time: 01:32:10

Health: 0/111      AC:  6    Str: 12    XL:     14   Next: 96%
Magic:  22/31      EV:  9    Int: 29    God:    Gozag
Gold:   1303       SH:  0    Dex: 12    Spells: 23/39 levels left

rFire    + . .     SeeInvis +   e - staff of conjuration
rCold    + . .     Gourm    .   M - +1 buckler {AC+3}
rNeg     + + +     Faith    .   L - +1 steam dragon scales
rPois    ∞         Spirit   .   N - +1 helmet {SInv}
rElec    .         Reflect  .   P - +0 cloak
rCorr    .         Harm     .   p - +1 pair of gloves {archery}
MR       +....                  (no boots)
Stlth    +.........             i - amulet of regeneration
HPRegen  0.68/turn              V - ring of Hard Scrabble {+Blink rF++ Int+5 Stlth-}
MPRegen  0.22/turn              h - +5 ring of intelligence

@: corroded, flying, held, hasted, very quick
A: no food or potions, fire vulnerability, cold resistance 1, negative energy
resistance 3, torment resistance, unbreathing, in touch with death 1
a: Potion Petition, Call Merchant, Bribe Branch, Renounce Religion, Evoke Blink


You were on level 1 of the Spider Nest.
You worshipped Gozag.
Gozag was most pleased with you.
You were not hungry.

You visited 5 branches of the dungeon, and saw 24 of its levels.

You collected 6809 gold pieces.
You spent 1587 gold pieces at shops.
You paid 3919 gold pieces to Gozag.

Inventory:

Hand Weapons
 b - a +0 short sword
 c - a +3 mace of draining
 v - the +7 dagger "Jellyslayer" {freeze, rN+}
   (You found it on level 5 of the Dungeon)

   It has been specially enchanted to freeze those struck by it, causing extra
   injury to most foes and up to half again as much damage against particularly
   susceptible opponents.
   It can also slow down cold-blooded creatures.
   It protects you from negative energy.
 z - a +0 whip of electrocution
Armour
 a - a +2 robe of cold resistance
 p - a +1 pair of gloves of archery (worn)
 w - the +2 robe of Bad Feelings {rElec rN+ Dex+4 SInv}
   (You found it on level 5 of the Dungeon)

   It affects your dexterity (+4).
   It insulates you from electricity.
   It protects you from negative energy.
   It lets you see invisible.
 L - +1 steam dragon scales (worn)
 M - a +1 buckler of protection (worn)
 N - a +1 helmet of see invisible (worn)
 P - a +0 cloak (worn)
Magical Staves
 e - an uncursed staff of conjuration (weapon)
 t - an uncursed staff of death
 O - an uncursed staff of power
 R - an uncursed staff of poison
Jewellery
 d - an uncursed amulet of guardian spirit
 h - a +5 ring of intelligence (right hand)
 i - an amulet of regeneration (around neck)
 j - an uncursed ring of attention
 k - a +2 ring of protection
 l - a +4 ring of slaying
 m - an uncursed ring of teleportation
 o - an uncursed amulet of harm
 r - an uncursed amulet of guardian spirit
 x - an uncursed ring of protection from cold
 C - an uncursed amulet of rage
 Q - an uncursed ring of poison resistance
 S - a cursed ring of teleportation
 T - an uncursed ring of wizardry
 V - the ring of Hard Scrabble (left hand) {+Blink rF++ Int+5 Stlth-}
   (You bought it in a shop on level 2 of the Orcish Mines)

   [ring of attention]

   It affects your intelligence (+5).
   It greatly protects you from fire.
   It lets you blink.
   It makes you less stealthy.
Wands
 y - a wand of polymorph (25)
 B - a wand of acid (9)
 D - a wand of enslavement (31)
 E - a wand of disintegration (18)
 F - a wand of digging (44)
 G - a wand of paralysis (29)
 J - a wand of flame (81)
Scrolls
 f - a scroll of teleportation
 g - 6 scrolls of remove curse
 n - 7 scrolls of identify
 q - 2 scrolls of random uselessness
 s - a scroll of fear
 u - 2 scrolls of magic mapping
 A - a scroll of noise
 H - 5 scrolls of enchant weapon
 I - 4 scrolls of fog
 K - 4 scrolls of amnesia


   Skills:
 - Level 10.6 Fighting
 - Level 9.2 Dodging
 - Level 1.5 Stealth
 - Level 4.0 Shields
 + Level 13.0 Spellcasting
 - Level 11.5 Conjurations
 - Level 8.5 Hexes
 - Level 8.7 Fire Magic


You had 23 spell levels left.
You knew the following spells:

 Your Spells              Type           Power        Failure   Level  Hunger
a - Flame Tongue          Conj/Fire      #####        1%          1    N/A
b - Conjure Flame         Conj/Fire      #######.     1%          3    N/A
c - Sticky Flame          Conj/Fire      #######.     1%          4    N/A
d - Fireball              Conj/Fire      #######...   1%          5    N/A
e - Inner Flame           Hex/Fire       ######..     1%          3    N/A

Your spell library contained the following spells:

 Spells                   Type           Power        Failure   Level  Hunger
 Sting                    Conj/Pois      ####         1%          1    N/A
 Throw Flame              Conj/Fire      ######       1%          2    N/A
 Mephitic Cloud           Conj/Pois/Air  ######..     1%          3    N/A
 Poisonous Vapours        Pois/Air       ###...       4%          2    N/A
 Venom Bolt               Conj/Pois      ######....   7%          5    N/A
 Olgreb's Toxic Radiance  Pois           ###.....     26%         4    N/A

Dungeon Overview and Level Annotations

Branches:
Dungeon (14/15)            Temple (1/1) D:6            Lair (6/6) D:10
 Shoals (0/4) Lair:3       Spider (1/4) Lair:3        Slime (0/5) Lair:6
    Orc (2/2) D:12            Elf (0/3) Orc:2
 Vaults: D:13-14

Altars:
Ashenzari
Cheibriados
Dithmenos
Elyvilon
Fedhas
Gozag
Hepliaklqana
Kikubaaqudgha
Makhleb
Nemelex Xobeh
Okawaru
Qazlal
Ru
Sif Muna
Trog
Uskayaw
Vehumet
Wu Jian
Xom
Yredelemnul
Zin
The Shining One

Shops:
D:8 *   D:9 ((   D:10 [   Orc:1 [   Orc:2 *(!*(}[%(   Lair:1 [

Annotations:
D:2 Robin
D:8 2 transporters, eyesofgods1's ghost, novice DsFi
D:11 Gastronok
D:12 Frances
Lair:6 1 runed door, exclusion: oklob plant, Rupert


Innate Abilities, Weirdness & Mutations

You do not eat or drink.
Your flesh is vulnerable to fire.
You are immune to poison.
Your flesh is cold resistant. (rC+)
You are immune to negative energy. (rN+++)
You are immune to unholy pain and torment.
You can survive without breathing.
You are in touch with the powers of death.


Message History

The jumping spider barely misses you.
The jumping spider completely misses you.
You hear an angry hiss.
Unknown command. [a] - 273 gold - heal wounds and magic [b] - 322 gold - resistance and agility [c] - 540 gold - haste, heal wounds and flight Purchase which effect?
You no longer have enough gold to fund merchants seeking to open stores in the You feel yourself speed up.
You feel much better.
You feel very buoyant.
You fly up into the air.
The entropy weaver burns!
The wolf spider hits you!
* * * LOW HITPOINT WARNING * * *
The wolf spider bites you!
* * * LOW HITPOINT WARNING * * *
The jumping spider barely misses you. The jumping spider bites you.
* * * LOW HITPOINT WARNING * * *
The entropy weaver hits you with the +8 demon blade "Leech" {vamp, rN+ AC-3 You die...
Your body crumbles into a pile of gold.

#### ##..#
...## # ....#
#.###s..# #
#...ss.##..^#
#..$s@$.....#
....$.a.......#
$
........#.##...
........### .
.#...##.# #...
### (... ....


You could see an entropy weaver (burning), a wolf spider, 2 jumping spiders and
a redback.

Vanquished Creatures
  2 entropy weavers (Lair:5)
  3 hydras
  Harold (Lair:1)
  3 two-headed ogres
  8 death yaks
  A queen ant (Lair:5)
  5 orc high priests (Orc:2)
  Urug (Lair:4)
  2 unseen horrors
  5 skeletal warriors
  Pikel (D:5)
  8 orc knights
  An orb spider (Spider:1)
  2 cyclopes (D:14)
  4 wolf spiders
  2 centaur zombies (D:12)
  3 elephants (Lair:5)
  6 black mambas
  A merfolk siren (Lair:3)
  7 spiny frogs
  A torpor snail (Lair:6)
  Maurice (D:9)
  5 rime drakes
  3 komodo dragons
  A queen bee (Lair:2)
  5 jumping spiders
  3 trolls
  6 hornets
  5 slime creatures
  Prince Ribbit (D:9)
  A tyrant leech (Lair:6)
  9 hippogriffs
  11 blink frogs
  3 shadows
  Sigmund (D:3)
  3 redbacks (Spider:1)
  A vampire (D:10)
  51 yaks
  5 wyverns
  5 basilisks
  3 steam dragons
  3 hungry ghosts
  A vampire mosquito (Lair:4)
  2 wargs
  2 insubstantial wisps
  An acid dragon (Lair:6)
  27 soldier ants
  8 water moccasins
  2 ice beasts
  3 swamp drakes
  7 porcupines
  27 orc warriors
  3 phantoms
  6 sky beasts
  3 slaves (D:4)
  A necrophage (D:7)
  An eye of draining (D:10)
  12 wolves
  10 crocodiles
  7 ogres
  6 big kobolds
  4 centaurs
  8 bullfrogs
  A wyvern zombie (D:7)
  A wyvern skeleton (D:10)
  4 scorpions
  32 killer bees
  9 wights
  3 howler monkeys (D:10)
  2 electric eels (Lair:2)
  5 crimson imps
  6 hounds
  A quasit (D:11)
  2 jellies
  A bullfrog skeleton (D:11)
  30 orc priests
  A centaur skeleton (D:11)
  3 orc wizards (Orc:2)
  7 iguanas
  Terence (D:3)
  28 worker ants
  A hell rat (D:9)
  3 hound skeletons
  A mummy (D:7)
  A worker ant zombie (D:5)
  4 gnolls (D:3)
  A howler monkey skeleton (D:8)
  18 adders
  2 oozes
  2 adder skeletons
  2 worms
  3 dart slugs
  7 leopard geckos
  61 orcs
  8 bats
  9 giant cockroaches
  46 goblins
  22 hobgoblins
  12 jackals
  17 kobolds
  2 quokkas
  3 ball pythons
  9 frilled lizards
  7 rats
  A bush (Lair:5)
  2 fungi (Lair:2)
  2 plants
717 creatures vanquished.

Vanquished Creatures (others)
  A vampire mosquito (Lair:4)
  42 fungi
  24 plants
67 creatures vanquished.

Grand Total: 784 creatures vanquished

Notes
Turn   | Place    | Note
-------+----------+-------------------------------------------
     0 | D:1      | inc the Mummy Fire Elementalist began the quest for the
                  | Orb.
     0 | D:1      | Reached XP level 1. HP: 13/13 MP: 4/4
    16 | D:1      | Reached skill level 1 in Conjurations
   159 | D:1      | Reached XP level 2. HP: 19/19 MP: 3/5
   638 | D:1      | Reached XP level 3. HP: 24/24 MP: 4/7
  1072 | D:2      | Noticed Robin
  1106 | D:2      | Reached XP level 4. HP: 18/30 MP: 3/8
  1989 | D:3      | Found a hazy altar of Hepliaklqana.
  2067 | D:3      | Found a white marble altar of Elyvilon.
  2068 | D:3      | Found a glowing silver altar of Zin.
  2069 | D:3      | Found a glowing golden altar of the Shining One.
  2430 | D:3      | Learned a level 3 spell: Conjure Flame
  2435 | D:3      | Learned a level 4 spell: Sticky Flame
  2669 | D:3      | Reached XP level 5. HP: 35/35 MP: 7/9
  2727 | D:3      | Found a bloodstained altar of Trog.
  2892 | D:3      | Found a sparkling altar of Nemelex Xobeh.
  2897 | D:3      | Noticed Sigmund
  3119 | D:4      | Reached skill level 3 in Spellcasting
  3736 | D:4      | Noticed a phantom
  3772 | D:5      | Entered Level 5 of the Dungeon
  3772 | D:5      | Noticed a slave
  3832 | D:4      | Killed a phantom
  3832 | D:4      | Reached XP level 6. HP: 30/41 MP: 0/11
  3970 | D:4      | Reached skill level 4 in Spellcasting
  4125 | D:4      | Found a hide-covered altar of Uskayaw.
  4567 | D:3      | Noticed Terence
  4575 | D:3      | Killed Terence
  4735 | D:5      | Noticed a slave
  4736 | D:5      | Noticed a slave
  4742 | D:4      | Killed a slave
  4775 | D:5      | Noticed a slave
  4775 | D:5      | Noticed Pikel
  4783 | D:4      | Killed a slave
  5681 | D:4      | Reached XP level 7. HP: 37/46 MP: 6/14
  5845 | D:5      | Killed Pikel
  5845 | D:5      | Reached skill level 6 in Spellcasting
  5845 | D:5      | Reached skill level 5 in Conjurations
  5845 | D:5      | Reached skill level 5 in Fire Magic
  5845 | D:5      | Reached XP level 8. HP: 43/52 MP: 7/17
  6346 | D:6      | Found a staircase to the Ecumenical Temple.
  6352 | Temple   | Entered the Ecumenical Temple
  6372 | Temple   | Became a worshipper of Gozag Ym Sagoz the Greedy
  7039 | D:7      | Identified a scroll of acquirement
  7133 | D:7      | Identified the cursed +0 scale mail of the Cockroach {-Cast
                  | Str+3 SInv Stlth+} (You found it on level 7 of the Dungeon)
  7187 | D:6      | Reached skill level 1 in Shields
  7457 | D:5      | Got a faintly glowing dagger
  7458 | D:5      | Identified the +7 dagger "Jellyslayer" {freeze, rN+} (You
                  | found it on level 5 of the Dungeon)
  7504 | D:5      | Found a shadowy altar of Dithmenos.
  7533 | D:5      | Got a dull robe
  7544 | D:5      | Identified the +2 robe of Bad Feelings {rElec rN+ Dex+4
                  | SInv} (You found it on level 5 of the Dungeon)
  7635 | D:5      | Found a deep blue altar of Sif Muna.
  7912 | D:3      | Killed Sigmund
  8451 | D:3      | Learned a level 5 spell: Fireball
  8455 | D:3      | Learned a level 3 spell: Inner Flame
  8512 | D:3      | Reached skill level 1 in Fighting
  8512 | D:3      | Reached XP level 9. HP: 61/61 MP: 7/19
  9457 | D:7      | Found a snail-covered altar of Cheibriados.
  9857 | D:7      | Found a radiant altar of Vehumet.
  9857 | D:7      | Found a basalt altar of Yredelemnul.
  9860 | D:7      | Found an iron altar of Okawaru.
  9861 | D:7      | Found a bloodstained altar of Trog.
  9941 | D:8      | Found a transporter.
  9955 | D:8      | Noticed eyesofgods1's ghost (novice DsFi)
 10281 | D:8      | Reached skill level 5 in Fighting
 10585 | D:8      | Reached skill level 5 in Dodging
 10705 | D:8      | Found Xuseoloz's Assorted Antiques.
 10769 | D:8      | Found a transporter.
 10843 | D:8      | Found a shattered altar of Ashenzari.
 11227 | D:9      | Noticed a troll
 11355 | D:9      | Noticed Prince Ribbit
 11364 | D:9      | Killed Prince Ribbit
 11364 | D:9      | Reached XP level 10. HP: 76/76 MP: 10/20
 11428 | D:9      | Noticed Gastronok
 11428 | D:9      | Noticed Maurice
 11892 | D:9      | Killed Maurice
 11956 | D:9      | Found Elut's Weapon Emporium.
 12079 | D:9      | Found a sparkling altar of Nemelex Xobeh.
 12683 | D:9      | Reached skill level 1 in Hexes
 12927 | D:10     | Entered Level 10 of the Dungeon
 12930 | D:10     | Reached skill level 7 in Spellcasting
 12953 | D:10     | Noticed a death yak
 13028 | D:9      | Killed a death yak
 13179 | D:10     | Noticed a death yak
 13179 | D:10     | Noticed a death yak
 13439 | D:10     | Noticed a two-headed ogre
 13607 | D:10     | Reached skill level 8 in Spellcasting
 14018 | D:10     | Reached XP level 11. HP: 84/84 MP: 15/23
 14833 | D:10     | Killed a death yak
 14833 | D:10     | Reached skill level 9 in Spellcasting
 15043 | D:10     | Found a staircase to the Lair.
 15163 | D:10     | Killed a two-headed ogre
 15885 | D:11     | Killed a death yak
 15885 | D:11     | Reached skill level 5 in Hexes
 16400 | D:12     | Reached skill level 10 in Spellcasting
 16498 | D:12     | Noticed a skeletal warrior
 16498 | D:12     | Noticed a skeletal warrior
 16499 | D:12     | Noticed a skeletal warrior
 17414 | Lair:1   | Entered Level 1 of the Lair of Beasts
 17964 | Lair:3   | Found a hole to the Spider Nest.
 17965 | Lair:3   | Noticed a wolf spider
 18018 | Lair:3   | Reached XP level 12. HP: 74/91 MP: 5/26
 18222 | Lair:2   | Reached skill level 11 in Spellcasting
 18813 | Lair:1   | Bought a runed buckler for 217 gold pieces
 18813 | Lair:1   | Bought a runed helmet for 217 gold pieces
 18940 | Lair:1   | Noticed Harold
 18959 | Lair:1   | Killed Harold
 20331 | Lair:3   | Found a staircase to the Shoals.
 20457 | Lair:3   | Reached skill level 12 in Spellcasting
 20964 | Lair:4   | Noticed a six-headed hydra
 21151 | Lair:4   | Killed a six-headed hydra
 21381 | Lair:4   | Noticed Urug
 22505 | D:12     | Noticed Frances
 22506 | D:12     | Found a staircase to the Orcish Mines.
 22712 | Lair:2   | Gained mutation: You are in touch with the powers of death.
                  | [Mummy growth]
 22712 | Lair:2   | Reached XP level 13. HP: 80/96 MP: 20/29
 23842 | Lair:4   | Killed Urug
 25901 | Lair:5   | Noticed an entropy weaver
 26108 | Lair:5   | Noticed an entropy weaver
 26118 | Lair:6   | Entered Level 6 of the Lair of Beasts
 26230 | Lair:6   | Found a runed door.
 26291 | Lair:6   | Reached skill level 10 in Fighting
 26308 | Lair:6   | Found a staircase to the Slime Pits.
 26311 | Lair:6   | Noticed Rupert
 26357 | Lair:4   | Upgraded the game from 0.22.0-40-g68aacdc to
                  | 0.22.0-49-gab54619
 26450 | Lair:5   | Killed an entropy weaver
 28653 | D:12     | Reached XP level 14. HP: 102/111 MP: 22/30
 29312 | Orc:1    | Entered Level 1 of the Orcish Mines
 29316 | Orc:1    | Bought +0 steam dragon scales for 560 gold pieces
 29406 | Orc:2    | Entered Level 2 of the Orcish Mines
 29643 | Orc:2    | Found Hianwage's Weapon Shop.
 29683 | Orc:2    | Found Yluifoh's Assorted Antiques.
 29688 | Orc:2    | Bought a garnet ring for 110 gold pieces
 29688 | Orc:2    | Bought a pair of glowing gloves for 165 gold pieces
 29688 | Orc:2    | Bought a flickering amber ring for 110 gold pieces
 29716 | Orc:2    | Identified the ring of Hard Scrabble {+Blink rF++ Int+5
                  | Stlth-} (You bought it in a shop on level 2 of the Orcish
                  | Mines)
 29729 | Orc:2    | Found a staircase to the Elven Halls.
 29959 | Orc:2    | Reached skill level 10 in Conjurations
 31615 | Orc:2    | Found Lysywirr's General Store.
 31967 | Orc:2    | Found Odghir's Distillery.
 31971 | Orc:2    | Found Aluon's Antique Weapon Shoppe.
 32416 | Orc:2    | Found Adiugen's Antique Armour Emporium.
 32419 | Orc:2    | Found Pafuv's Food Shoppe.
 32420 | Orc:2    | Found Zamp's Gadget Emporium.
 32421 | Orc:2    | Found Xiweeqin's Antique Weapon Emporium.
 32428 | Orc:2    | Bought a glowing scarf for 208 gold pieces
 33965 | D:14     | Found a blossoming altar of Fedhas.
 34577 | Spider:1 | Entered Level 1 of the Spider Nest
 34580 | Spider:1 | Noticed an entropy weaver
 34862 | Lair:5   | Killed an entropy weaver
 36116 | Lair:6   | Found a blossoming altar of Fedhas.
 36418 | Lair:3   | Reached skill level 13 in Spellcasting
 36585 | Spider:1 | HP: 5/111 [entropy weaver/the +8 demon blade "Leech" {vamp,
                  | rN+ AC-3 EV-3} (9)]
 36585 | Spider:1 | HP: 1/111 [entropy weaver/the +8 demon blade "Leech" {vamp,
                  | rN+ AC-3 EV-3} (4)]
 36586 | Spider:1 | Slain by an entropy weaver

Skill      XL: |  1  2  3  4  5  6  7  8  9 10 11 12 13 14 |
---------------+-------------------------------------------+-----
Conjurations   | 1 2 3 4 5 6 8 9 11 | 11.5
Fire Magic     | 3 4 5 8 |  8.7
Spellcasting   | 3 4 6 8 10 12 13 | 13.0
Shields        | 4 |  4.0
Fighting       | 1 6 7 10 | 10.6
Dodging        | 2 5 6 9 |  9.2
Hexes          | 3 6 8 |  8.5
Stealth        | |  1.5

Action                   |  1- 3 |  4- 6 |  7- 9 | 10-12 | 13-15 || total
-------------------------+-------+-------+-------+-------+-------++-------
Melee: Short sword       |     1 |       |       |       |       ||     1
       Mace              |    17 |    25 |     4 |       |       ||    46
       Dagger            |       |       |    19 |    55 |    21 ||    95
       Staff             |       |       |       |     2 |    10 ||    12
 Cast: Flame Tongue      |    61 |   208 |   262 |   572 |   792 ||  1895
       Sticky Flame      |       |     8 |    19 |   119 |   232 ||   378
       Conjure Flame     |       |     1 |     4 |    16 |     7 ||    28
       Inner Flame       |       |       |     2 |     3 |     3 ||     8
       Fireball          |       |       |       |    27 |   106 ||   133
Invok: Call Merchant     |       |       |       |     3 |     1 ||     4
       Potion Petition   |       |       |       |       |     2 ||     2
  Use: Scroll            |       |     7 |     8 |     9 |     7 ||    31
 Stab: Distracted        |       |       |       |       |     1 ||     1
Armor: Robe              |    11 |    27 |    42 |   143 |   108 ||   331
       Steam dragon scal |       |       |       |       |    80 ||    80
Dodge: Dodged            |    27 |   131 |    76 |   353 |   536 ||  1123
Block: Buckler           |       |       |    31 |   127 |   233 ||   391
